 Dungeon Crawl Stone Soup version 0.23.0 (webtiles) character file.

Game seed: 16115356280426168130

63 tidbits the Charmwright (level 4, 24/38 HPs)
             Began as a Gnoll Skald on Feb 14, 2019.
             Quit the game on level 5 of the Dungeon.
             The game lasted 00:04:30 (468 turns).

tidbits the Charmwright (Gnoll Skald)                Turns: 468, Time: 00:04:31

Health: 24/38      AC:  4    Str: 14    XL:     4   Next: 10%
Magic:  9/11       EV: 14    Int: 16    God:
Gold:   86         SH:  0    Dex: 14    Spells: 2/13 levels left

rFire    . . .     SeeInvis .   a - +0 spear
rCold    . . .     Gourm    .   (no shield)
rNeg     + . .     Faith    .   b - +0 leather armour
rPois    .         Spirit   .   E - +0 helmet
rElec    .         Reflect  .   (no cloak)
rCorr    .         Harm     .   (no gloves)
MR       .....                  (no boots)
Stlth    +.........             (no amulet)
HPRegen  0.12/turn              e - ring of positive energy
MPRegen  0.12/turn              (no ring)

@: no status effects
A: distributed training, fangs 1, strong nose
a: no special abilities


You were on level 5 of the Dungeon.
You were full.

You visited 1 branch of the dungeon, and saw 5 of its levels.

You collected 86 gold pieces.

Inventory:

Hand Weapons
 a - a +0 spear (weapon)
 l - a +0 hunting sling
 m - a +0 dagger
 p - the +4 hand crossbow of Gehenna {venom, Int-3 Dex+3, unknown}
   (You acquired it on level 5 of the Dungeon)

   It poisons the ammo it fires.
   It affects your intelligence (-3).
   It affects your dexterity (+3).
Armour
 b - a +0 leather armour (worn)
 o - a +0 ring mail
 E - a +0 helmet (worn)
Jewellery
 e - a ring of positive energy (left hand)
   (You found it on level 1 of the Dungeon)
Wands
 h - a wand of flame (11)
Scrolls
 c - a scroll of amnesia {unknown}
 i - 2 scrolls of identify {unknown}
 j - 2 scrolls of magic mapping {unknown}
 k - a scroll of teleportation {unknown}
Potions
 f - a potion of might {unknown}
 g - 2 potions of agility {unknown}
 n - 2 potions of flight {unknown}
Comestibles
 d - 4 rations


   Skills:
 + Level 4.6 Fighting
 + Level 1.0 Short Blades
 + Level 1.0 Long Blades
 + Level 1.0 Axes
 + Level 1.0 Maces & Flails
 + Level 4.6 Polearms
 + Level 1.0 Staves
 + Level 1.0 Slings
 + Level 1.0 Bows
 + Level 1.0 Crossbows
 + Level 1.0 Throwing
 + Level 2.7 Armour
 + Level 4.6 Dodging
 + Level 1.0 Stealth
 + Level 1.0 Shields
 + Level 1.0 Unarmed Combat
 + Level 5.0 Spellcasting
 + Level 0.7 Conjurations
 + Level 0.7 Hexes
 + Level 5.4 Charms
 + Level 0.7 Summonings
 + Level 0.7 Necromancy
 + Level 0.7 Translocations
 + Level 0.7 Transmutations
 + Level 0.7 Fire Magic
 + Level 0.7 Ice Magic
 + Level 0.7 Air Magic
 + Level 0.7 Earth Magic
 + Level 0.7 Poison Magic
 + Level 1.1 Invocations
 + Level 1.0 Evocations


You had 2 spell levels left.
You knew the following spells:

 Your Spells              Type           Power        Failure   Level  Hunger
g - Shroud of Golubria    Chrm/Tloc      ##........   8%          2    #......
i - Infusion              Chrm           ###.         1%          1    None
r - Regeneration          Chrm/Necr      ##........   16%         3    ###....
w - Spectral Weapon       Hex/Chrm       ##......     16%         3    ###....
y - Song of Slaying       Chrm           ###.....     3%          2    #......

Your spell library contained the following spells:

 Spells                   Type           Power        Failure   Level  Hunger


Dungeon Overview and Level Annotations

Branches:
Dungeon (5/15)
 Temple: D:4-7

Altars:
Ashenzari
Trog


Innate Abilities, Weirdness & Mutations

Your experience applies equally to all skills.
You have very sharp teeth.
Your uncanny sense of smell can sniff out nearby items.


Message History

You now have 72 gold pieces (gained 8).
Unknown command.
A bat comes into view.
Found 14 gold pieces.
Attack whom?
Press: ? - help, Dir - move target cursor, f - bat
Aim: a bat You could not reach far enough!
Your spectral weapon fades away.
The bat misses you.
You miss the bat. Your bite misses the bat. The bat closely misses you.
Attack whom?
Press: ? - help, Dir - move target cursor, f/p - bat
Aim: a bat You reach to attack!
You hit the bat.
The bat is moderately wounded.
The bat barely misses you.
You barely miss the bat.
The bat is moderately wounded.
You hear the rusting of a very distant drain.
The bat closely misses you.
You see here 14 gold pieces.
You now have 86 gold pieces (gained 14).
The bat closely misses you.
You miss the bat. You bite the bat, but do no damage.
The bat is moderately wounded.
The bat hits you but does no damage.
You closely miss the bat. Your bite misses the bat.
The bat is moderately wounded.
The bat hits you.
Attack whom?
Press: ? - help, Dir - move target cursor, f/p - bat
Aim: a bat (moderately wounded)
You reach to attack!
You hit the bat.
You kill the bat!
Found a stone staircase leading down.
Unknown command.
Unknown command.
A kobold comes into view.
The kobold shouts!
The kobold throws a stone.
The stone barely misses you.
Found 23 sling bullets.
You see here a stone.
A rat comes into view.
The kobold throws a stone.
The stone barely misses you.
Unknown command.
There is a stone staircase leading down here.
The kobold throws a stone.
The stone misses you.
You climb downwards.
There is a stone staircase leading up here.
Unknown command.
Unknown command.
Found a stone staircase leading up.
Found 28 sling bullets.
Found 8 gold pieces.
Found a stone staircase leading down.
Found a spear.
An adder comes into view.
Casting: Spectral Weapon (safe; 16% risk of failure)
Confirm with . or Enter, or press ? or * to list all spells.
You draw out your weapon's spirit!
The adder hisses angrily.
Unknown command.
Unknown command.
You hit the adder but do no damage.
Your spectral weapon barely misses the adder.
The adder bites you.
You hit the adder.
The adder is moderately wounded.
Your spectral weapon closely misses the adder.
The adder misses you.
You hit the adder.
The adder is severely wounded.
Your spectral weapon barely misses the adder.
The adder bites you.
You hit the adder.
You kill the adder!
You have reached level 4!
You feel stronger.
There is a stone staircase leading down here.
You climb downwards.
Your summoned ally is left behind.
Your spectral weapon fades away.
There is a stone staircase leading up here.
Unknown command.
Unknown command.
Found 19 stones.
Found a scroll labeled YTELAO VOZEZOE.
Unknown command.
Unknown command.
You see here a scroll labeled YTELAO VOZEZOE.
As you read the scroll labeled YTELAO VOZEZOE, it crumbles to dust.
This is a scroll of acquirement! [a] Weapon [b] Armour [c] Jewellery [d] Book [e] Staff [f] Evocable [g] Food [h] Gold (you have $86)
What kind of item would you like to acquire? [\] known items Something appears at your feet!
p - a crude hand crossbow Wield which item (- for none, * to show all)? (? for menu, Esc to quit)
Okay, then.
Are you sure you want to abandon this character and quit the game? (Confirm with "yes".)

######......####
........<..........
...................
...........#.....#
....####.###....#
... #...##....# #.
#..#.##...#
#..##......# ...#
##..@..# ....#
#........# ...#
##......## (#.
#......# #
..#......
.####..##.# # ..# #
..#


There were no monsters in sight!

Vanquished Creatures
  4 adders
  A worm (D:3)
  A dart slug (D:3)
  A leopard gecko (D:2)
  An orc (D:3)
  4 goblins (D:2)
  3 hobgoblins
  4 kobolds
  2 bats
  2 frilled lizards (D:2)
  A rat (D:2)
24 creatures vanquished.

Notes
Turn   | Place    | Note
-------+----------+-------------------------------------------
     0 | D:1      | tidbits the Gnoll Skald began the quest for the Orb.
     0 | D:1      | Reached XP level 1. HP: 20/20 MP: 6/6
    43 | D:2      | Reached XP level 2. HP: 21/26 MP: 0/7
    68 | D:2      | Learned a level 2 spell: Song of Slaying
    71 | D:2      | Learned a level 2 spell: Shroud of Golubria
   212 | D:2      | Found a shattered altar of Ashenzari.
   212 | D:2      | Found a bloodstained altar of Trog.
   259 | D:2      | Reached XP level 3. HP: 20/31 MP: 5/9
   264 | D:2      | Learned a level 3 spell: Regeneration
   269 | D:2      | Learned a level 3 spell: Spectral Weapon
   279 | D:2      | Reached skill level 5 in Spellcasting
   339 | D:3      | Reached skill level 1 in Invocations
   394 | D:3      | Reached skill level 1 in Short Blades
   394 | D:3      | Reached skill level 1 in Long Blades
   394 | D:3      | Reached skill level 1 in Axes
   394 | D:3      | Reached skill level 1 in Maces & Flails
   394 | D:3      | Reached skill level 1 in Staves
   394 | D:3      | Reached skill level 1 in Slings
   394 | D:3      | Reached skill level 1 in Bows
   394 | D:3      | Reached skill level 1 in Crossbows
   394 | D:3      | Reached skill level 1 in Throwing
   394 | D:3      | Reached skill level 1 in Stealth
   394 | D:3      | Reached skill level 1 in Shields
   394 | D:3      | Reached skill level 1 in Unarmed Combat
   394 | D:3      | Reached skill level 1 in Evocations
   454 | D:4      | Reached XP level 4. HP: 23/38 MP: 7/11
   457 | D:5      | Entered Level 5 of the Dungeon
   466 | D:5      | Identified a scroll of acquirement
   467 | D:5      | Got a crude hand crossbow
   468 | D:5      | Quit the game

Skill      XL: |  1  2  3 |
---------------+----------+-----
Spellcasting   | 5 |  5.0
Invocations    | 1 |  1.1
Short Blades   | 1 |  1.0
Long Blades    | 1 |  1.0
Axes           | 1 |  1.0
Maces & Flails | 1 |  1.0
Staves         | 1 |  1.0
Slings         | 1 |  1.0
Bows           | 1 |  1.0
Crossbows      | 1 |  1.0
Throwing       | 1 |  1.0
Stealth        | 1 |  1.0
Shields        | 1 |  1.0
Unarmed Combat | 1 |  1.0
Evocations     | 1 |  1.0
Fighting       | |  4.6
Polearms       | |  4.6
Armour         | |  2.7
Dodging        | |  4.6
Conjurations   | |  0.7
Hexes          | |  0.7
Charms         | |  5.4
Summonings     | |  0.7
Necromancy     | |  0.7
Translocations | |  0.7
Transmutations | |  0.7
Fire Magic     | |  0.7
Ice Magic      | |  0.7
Air Magic      | |  0.7
Earth Magic    | |  0.7
Poison Magic   | |  0.7

Action                   |  1- 3 |  4- 6 || total
-------------------------+-------+-------++-------
Melee: Spear             |    91 |       ||    91
       Bite              |     9 |       ||     9
 Cast: Infusion          |     2 |       ||     2
       Spectral Weapon   |     4 |       ||     4
       Regeneration      |     1 |       ||     1
  Use: Scroll            |       |     1 ||     1
 Stab: Sleeping          |     1 |       ||     1
  Eat: Ration            |     1 |       ||     1
Armor: Leather armour    |    11 |       ||    11
Dodge: Dodged            |    33 |       ||    33

Table legend:
 A = Turns spent in this place as a percentage of turns spent in the entire game.
 B = Non-inter-level travel turns spent in this place as a percentage of non-inter-level travel turns spent in the entire game.
 C = Inter-level travel turns spent in this place as a percentage of turns spent in this place.
 D = Turns resting spent in this place as a percentage of non-inter-level travel turns spent in this place.
 E = Turns spent auto-exploring this place as a percentage of non-inter-level travel turns spent in this place.
 F = Non-inter-level travel turns spent in this place divided by the number of levels of this place that you've seen.
                   A       B       C       D       E      F
               +-------+-------+-------+-------+-------+----------------------
         Total | 100.0 | 100.0 |   0.0 |   0.0 |   0.0 |  93.6
       Dungeon | 100.0 | 100.0 |   0.0 |   0.0 |   0.0 |  93.6
               +-------+-------+-------+-------+-------+----------------------

Table legend:
 A = Kills in this place as a percentage of kills in entire the game.
 B = Kills by you in this place as a percentage of kills by you in the entire game.
 C = Kills by friends in this place as a percentage of kills by friends in the entire game.
 D = Other kills in this place as a percentage of other kills in the entire game.
 E = Experience gained in this place as a percentage of experience gained in the entire game.
 F = Experience gained in this place divided by the number of levels of this place that you have seen.
                   A       B       C       D       E      F
               +-------+-------+-------+-------+-------+----------------------
         Total | 100.0 | 100.0 |   N/A |   N/A | 100.0 |  18.2
       Dungeon | 100.0 | 100.0 |   N/A |   N/A | 100.0 |  18.2
               +-------+-------+-------+-------+-------+----------------------

Levels and vault maps discovered:
D:1:      lemuel_arrival_behind_the_door_small, layout_loops_ring
D:2:      minmay_spotlight, layout_loops_ring, gammafunk_temple_overflow_wave
D:3:      layout_basic, first_ration, gup_sewer_entry_spiral,
          minmay_misc_feat_columns, uniq_sigmund
D:4:      layout_layer_cave
D:5:      lemuel_insect_pit, layout_layer_cave, nicolae_qazlal_general_emergency
